 Dungeon Crawl Stone Soup version 0.17-a0-1635-gd4e48f1 (webtiles) character file.

18 urechis the Sneak (level 2, 0/12 HPs)
             Began as a Felid Transmuter on Aug 4, 2015.
             Succumbed to an adder's poison
             ... on level 2 of the Dungeon.
             The game lasted 00:02:06 (936 turns).

urechis the Sneak (Felid Transmuter)                 Turns: 936, Time: 00:02:06

Health: 0/12       AC:  1    Str:  6    XL:     2   Next: 48%
Magic:  5/6        EV: 18    Int: 14    God:
Gold:   20         SH:  0    Dex: 16    Spells: 1 memorised, 4 levels left
                                        Lives:  0   Deaths: 0

rFire  . . .     SeeInvis +       - Unarmed
rCold  . . .     Clarity  .     (armour unavailable)
rNeg   . . .     SustAt   .     (shield unavailable)
rPois  .         Gourm    .     (helmet unavailable)
rElec  .         Spirit   .     (cloak unavailable)
rCorr  .         Warding  .     (gloves unavailable)
rMut   .         Stasis   .     (boots unavailable)
MR     .....                    (no amulet)
Stlth  +++.......               (no ring)
                                (no ring)

@: lethally poisoned (0 -> -11), appendage, quick, not resistant to hostile
enchantments, fairly stealthy
A: no armour, no weapons or thrown items, claws 1, fangs 3, horns 3, see
invisible, blink 1, carnivore 3, speed 1, screaming 1, shaggy fur 1, slow
metabolism 1, sharp paws
a: End Transformation, Blink


You were on level 2 of the Dungeon.
You were not hungry.
You had grown temporary horns.
You visited 1 branch of the dungeon, and saw 2 of its levels.

You collected 20 gold pieces.

Inventory:

Missiles
 a - 23 arrows
Scrolls
 d - a scroll of enchant armour {unknown}
 f - a scroll of remove curse {unknown}
 g - a scroll of random uselessness {unknown}
 h - a scroll of magic mapping {unknown}
Books
 b - a book of Changes

   Spells                             Type                      Level
   a - Beastly Appendage              Transmutation                1
   b - Sticks to Snakes               Transmutation                2
   c - Spider Form                    Transmutation/Poison         3
   d - Ice Form                       Ice/Transmutation            4
   e - Blade Hands                    Transmutation                5
Comestibles
 c - a meat ration


   Skills:
 - Level 1.0 Fighting
 - Level 2.6 Dodging
 + Level 3.3 Stealth
 - Level 3.0 Unarmed Combat
 - Level 2.0 Spellcasting
 - Level 2.1 Transmutations


You had 4 spell levels left.
You knew the following spells:

 Your Spells              Type           Power        Failure   Level  Hunger
a - Beastly Appendage     Trmt           #.....       12%         1    ##.....


Dungeon Overview and Level Annotations

Branches:
Dungeon (2/15)

Altars:


Innate Abilities, Weirdness & Mutations

You cannot wear armour.
You are incapable of wielding weapons or throwing items.
You have sharp claws.
You have razor-sharp teeth.
You have supernaturally acute eyesight.
You are carnivorous and can eat meat at any time.
You cover ground quickly.
You are covered in fur (AC +1).
You have a slow metabolism.
Your sharp claws are effective at attacking unaware monsters.
You have a pair of large horns on your head.
You can translocate small distances at will.
You occasionally shout uncontrollably at your foes.


Message History

Casting: Beastly Appendage
Confirm with . or Enter, or press ? or * to list all spells.
You grow a pair of large bovine horns.
The adder misses you. The adder barely misses you.
You barely miss the adder. The adder bites you.
* * * LOW HITPOINT WARNING * * *
You are lethally poisoned!
The adder poisons you!
Drink which item? (? for menu, Esc to quit)
It was a potion of cure mutation.
It has a very clean taste.
* * * LOW HITPOINT WARNING * * *
You feel sick. The adder bites you.
* * * LOW HITPOINT WARNING * * *
You are more poisoned.
The adder poisons you!
Drink which item? (? for menu, Esc to quit)
It was a potion of mutation.
You feel extremely strange. The horns on your head grow some more.
You feel jittery.
You feel the urge to shout.
You die...

#### ##..##
##....#########
####.............)
.........#########
.........#######
#####.......<..#####
# #....#####..@S.#
..# #....#
#####.######...##
##..## #<....<.....#
#### #####........
..#.###.. ##.....
....### #### K####
..... #


You could see an adder.

Vanquished Creatures
  A giant gecko (D:2)
  A giant cockroach (D:2)
  3 goblins (D:1)
  3 hobgoblins
  4 kobolds
  2 bats (D:1)
  A giant newt (D:1)
  A rat (D:1)
16 creatures vanquished.

Notes
Turn   | Place    | Note
--------------------------------------------------------------
     0 | D:1      | urechis the Felid Transmuter began the quest for the Orb.
     0 | D:1      | Reached XP level 1. HP: 9/9 MP: 4/4
    71 | D:1      | Reached skill level 1 in Stealth
   486 | D:1      | Reached XP level 2. HP: 8/12 MP: 6/6
   936 | D:2      | Gained mutation: You have a pair of large horns on your head. [potion of mutation]
   936 | D:2      | Gained mutation: You can translocate small distances at will. [potion of mutation]
   936 | D:2      | Gained mutation: You occasionally shout uncontrollably at your foes. [potion of mutation]
   936 | D:2      | Succumbed to an adder's poison

Vault maps used:
D:1:      ncdulo_watergridlock, serial_forest, infiniplex_forest_3_way,
          infiniplex_forest_lined_3, infiniplex_forest_lined_room_2,
          infiniplex_forest_clump_medium, infiniplex_forest_clump_long,
          infiniplex_forest_clump_curved, infiniplex_forest_lined_1,
          infiniplex_forest_lined_room_3, infiniplex_forest_corner_1

Action                   || total
-------------------------++-------
Melee: Unarmed           ||    33
 Cast: Beastly Appendage ||     2
  Use: Potion            ||     2
 Stab: Sleeping          ||     6
  Eat: Chunk             ||     2
